 Dungeon Crawl Stone Soup version 0.29-a0-418-gc0181ea820 (webtiles) character file.

Game seed: 15366455387701212414

7705 quokkamancerX the Tainter (level 11, -3/108 HPs)
             Began as a Naga Venom Mage on May 17, 2022.
             Was a High Priest of Cheibriados.
             Slain by a six-headed hydra (10 damage)
             ... on level 11 of the Dungeon.
             The game lasted 01:39:04 (12254 turns).

quokkamancerX the Tainter (Naga Venom Mage)        Turns: 12254, Time: 01:39:04

Health: -3/108     AC:  8    Str: 22    XL:     11   Next: 19%
Magic:  5/20       EV: 14    Int: 31    God:    Cheibriados [*****.]
Gold:   67         SH:  0    Dex: 22    Spells: 12/22 levels left

rFire   . . .      SeeInvis +   b - staff of poison
rCold   + . .      Faith    .   (no shield)
rNeg    . . .      Spirit   .   l - +0 troll leather armour
rPois   +          Reflect  .   (no helmet)
rElec   .          Harm     .   (no cloak)
rCorr   .          Rampage  .   A - +2 pair of gloves
Will    +....                   (no barding)
Stlth   +++++.....              m - amulet of magic regeneration
HPRegen 1.08/turn               g - ring of protection from cold
MPRegen 0.57/turn               u - +4 ring of evasion

@: very slightly contaminated, very slow
A: AC +3, large, see invisible, deformed body, poison resistance, slowness 2,
spit poison 1, naga tail 1
a: Spit Poison, Renounce Religion, Bend Time, Temporal Distortion, Slouch, Step
From Time


You were on level 11 of the Dungeon.
You worshipped Cheibriados.
Cheibriados was extremely pleased with you.
You visited 1 branch of the dungeon, and saw 11 of its levels.
You also visited: Sewer.

You collected 571 gold pieces.
You spent 504 gold pieces at shops.

Inventory:

Hand Weapons
 a - a +5 quick blade
Missiles
 d - 131 stones
 w - 3 silver javelins (quivered)
Armour
 l - a +0 troll leather armour (worn)
 A - a +2 pair of gloves (worn)
Magical Staves
 b - a staff of poison (weapon)
Jewellery
 e - a ring of fire
 g - a ring of protection from cold (left hand)
 m - an amulet of magic regeneration (around neck)
 s - a ring of resist corrosion
 u - a +4 ring of evasion (right hand)
 K - an amulet of regeneration
Wands
 B - a wand of acid (4)
 E - a wand of charming (1)
Scrolls
 c - a scroll of enchant armour
 f - 2 scrolls of amnesia
 h - 2 scrolls of fear
 j - 2 scrolls of blinking
 n - 3 scrolls of fog
 q - a scroll of poison
 x - 2 scrolls of teleportation
 y - a scroll of silence
 D - a scroll of brand weapon {unknown}
 F - a scroll of vulnerability {unknown}
 H - a scroll of magic mapping
Potions
 k - a potion of brilliance
 o - 2 potions of invisibility
 p - 2 potions of curing
 r - 3 potions of heal wounds
 t - a potion of berserk rage
 v - 5 potions of flight
 z - 4 potions of mutation
 C - a potion of cancellation
 G - 2 potions of magic


   Skills:
 + Level 9.7 Fighting
 - Level 1.5 Dodging
 - Level 10.0 Stealth
 - Level 6.0 Spellcasting
 - Level 1.0 Transmutations
 - Level 4.0 Fire Magic
 - Level 10.0 Poison Magic
 - Level 8.0 Invocations


You had 12 spell levels left.
You knew the following spells:

 Your Spells              Type           Power      Damage    Failure   Level
a - Sting                 Tmut/Pois      100%       1d8       1%          1
b - Ignite Poison         Fire/Tmut/Pois 57%        N/A       2%          3
c - Olgreb's Toxic Radia  Pois           82%        N/A       1%          4
d - Poisonous Vapours     Pois/Air       100%       N/A       1%          2

Your spell library contained the following spells:

 Spells                   Type           Power      Damage    Failure   Level
 Mephitic Cloud           Conj/Pois/Air  44%        N/A       4%          3
 Apportation              Tloc           18%        N/A       5%          1
 Slow                     Hex            36%        N/A       5%          1
 Wereblood                Tmut           15%        N/A       5%          2
 Conjure Flame            Conj/Fire      21%        6-21      8%          3
 Sublimation of Blood     Necr           9%         N/A       9%          2
 Alistair's Intoxication  Tmut/Pois      40%        N/A       16%         5
 Confusing Touch          Hex            9%         N/A       17%         3
 Stone Arrow              Conj/Erth      18%        3d8       17%         3
 Vampiric Draining        Necr           9%         2d6       17%         3
 Sticky Flame             Conj/Fire      21%        2d4       24%         4
 Animate Armour           Summ/Erth      18%        N/A       50%         4
 Summon Hydra             Summ           4%         N/A       100%        7
 Lehudib's Crystal Spear  Conj/Erth      4%         10d3      100%        8


Dungeon Overview and Level Annotations

Branches:
Dungeon (12/15)            Temple (0/1) D:6           Sewer (visited)
   Lair: D:8-11         Orc: D:9-12

Altars:
Cheibriados
Elyvilon
Kikubaaqudgha
Makhleb
Nemelex Xobeh
Ru
Vehumet
Wu Jian
Xom
Yredelemnul
The Shining One

Shops:
D:8 (   D:9 *

Annotations:
D:4 2 transporters


Innate Abilities, Weirdness & Mutations

Your serpentine skin is tough. (AC +3)
You have supernaturally acute eyesight. (SInv)
Armour fits poorly on your strangely shaped body.
Your system is resistant to poisons. (rPois)
You cover ground very slowly.
You can spit poison.
You have a snake-like lower body.


Message History

Confirm with . or Enter, or press ? or * to list all spells.
You can't see any susceptible monsters within range! (Use Z to cast anyway.)
Casting: Olgreb's Toxic Radiance (mildly dangerous; 1% risk of failure)
Confirm with . or Enter, or press ? or * to list all spells.
Aiming: Sting (safe; 1% risk of failure)
Press: ? - help, Shift-Dir - straight line, f - six-headed hydra
Aim: a six-headed hydra (92% to hit)
You feel a surge of power!
The sting hits the six-headed hydra.
The six-headed hydra partially resists.
The six-headed hydra is lightly wounded.
Your toxic aura wanes.
The six-headed hydra completely misses you.
The six-headed hydra bites you but does no damage.
The six-headed hydra barely misses you.
The six-headed hydra bites you but does no damage. x3
The shadow misses you.
Casting: Sting (safe; 1% risk of failure)
Confirm with . or Enter, or press ? or * to list all spells.
Aiming: Sting (safe; 1% risk of failure)
Press: ? - help, Shift-Dir - straight line, f/p - six-headed hydra
Aim: a six-headed hydra (lightly wounded, 92% to hit)
You feel a surge of power!
The sting hits the six-headed hydra.
The six-headed hydra partially resists.
The six-headed hydra is poisoned.
The six-headed hydra is lightly wounded.
You kill the yak!
Cheibriados appreciates the change of pace.
The six-headed hydra closely misses you. x2
The six-headed hydra bites you! x2
* * * LOW HITPOINT WARNING * * *
The six-headed hydra barely misses you. The six-headed hydra bites you.
* * * LOW HITPOINT WARNING * * *
The shadow hits you.
* * * LOW HITPOINT WARNING * * *
The six-headed hydra bites you but does no damage.
The six-headed hydra barely misses you. The six-headed hydra bites you.
* * * LOW HITPOINT WARNING * * *
The six-headed hydra misses you. The six-headed hydra bites you!
* * * LOW HITPOINT WARNING * * *
The six-headed hydra misses you. The six-headed hydra bites you!
You die...

#...# #Y..# ####+##
#..Y# #.....# #...#
#...#.# #...# #...#.#
#...###.....##+####.♣W♣
#....†.........>.......
#.#..#..##..#..###..#..
#.....)WD@........ ...
################### #


You could see a six-headed hydra (poisoned) and a shadow.

Vanquished Creatures
  A two-headed ogre (D:8)
  Pikel (D:6)
  Maggie (D:8)
  A komodo dragon (D:11)
  A troll (D:9)
  A wyvern (D:8)
  11 yaks
  The ghost of trckry the Vandal, an amateur DsWn of Jiyva (D:6)
  A steam dragon (D:8)
  Menkaure (D:6)
  6 water moccasins
  4 black bears
  2 ice beasts
  3 orc warriors
  3 sky beasts
  2 centaurs
  5 bullfrogs
  A necrophage (D:7)
  3 scorpions
  4 wights (D:8)
  4 killer bees (D:8)
  An electric eel (D:8)
  2 howler monkeys
  A jelly (D:6)
  8 orc priests
  4 hounds
  An iguana (D:4)
  7 orc wizards
  3 gnolls
  10 adders
  7 river rats (Sewer)
  A shadow imp (D:6)
  3 white imps
  2 worms
  2 dart slugs
  40 orcs
  5 endoplasms
  10 giant cockroaches
  3 goblins
  11 hobgoblins
  6 jackals
  5 quokkas
  16 ball pythons
  11 bats
  2 frilled lizards
  A goblin skeleton (D:8)
  A goblin zombie (D:8)
  9 kobolds
  A kobold skeleton (D:8)
  2 kobold zombies (D:8)
  An orc zombie (D:8)
  5 rats
  2 butterflies (D:7)
240 creatures vanquished.

Notes
Turn   | Place    | Note
-------+----------+-------------------------------------------
     0 | D:1      | quokkamancerX the Naga Venom Mage began the quest for the
                  | Orb.
     0 | D:1      | Reached XP level 1. HP: 15/15 MP: 3/3
   367 | D:1      | Reached XP level 2. HP: 10/22 MP: 1/5
   911 | D:1      | Reached XP level 3. HP: 28/28 MP: 6/6
  1024 | D:1      | Found a faded altar of an unknown god.
  1612 | D:2      | Reached XP level 4. HP: 31/36 MP: 5/8
  2284 | D:2      | Reached skill level 5 in Poison Magic
  2818 | D:3      | Identified the +0 ring mail of Doale {rPois Will+ SInv}
  2819 | D:3      | Found a basalt altar of Yredelemnul.
  2851 | D:3      | Reached skill level 5 in Stealth
  3318 | D:3      | Reached XP level 5. HP: 42/42 MP: 9/9
  3394 | D:3      | Found an ancient bone altar of Kikubaaqudgha.
  3976 | D:4      | Found a snail-covered altar of Cheibriados.
  3994 | D:4      | Became a worshipper of Cheibriados the Contemplative
  4794 | D:4      | Found a sparkling altar of Nemelex Xobeh.
  4795 | D:4      | Found an ornate altar of the Wu Jian Council.
  4795 | D:4      | Noticed a steam dragon
  4796 | D:4      | Found a sacrificial altar of Ru.
  4906 | D:4      | Found a radiant altar of Vehumet.
  4993 | D:4      | Found a transporter.
  5000 | D:4      | Found a transporter.
  5001 | D:4      | Noticed a wyvern
  5187 | D:5      | Entered Level 5 of the Dungeon
  5190 | D:5      | Noticed a black bear
  5193 | D:5      | Reached XP level 6. HP: 49/49 MP: 8/12
  5265 | D:5      | Killed a black bear
  5265 | D:5      | Noticed an ice beast
  5266 | D:5      | Reached skill level 1 in Fire Magic
  5349 | D:5      | Reached * piety under Cheibriados
  5381 | D:5      | Noticed a black bear
  5387 | D:5      | Killed a black bear
  5388 | D:5      | Reached XP level 7. HP: 54/55 MP: 11/14
  5590 | D:5      | Reached skill level 5 in Spellcasting
  5686 | D:5      | Learned a level 2 spell: Poisonous Vapours
  5691 | D:5      | Learned a level 4 spell: Olgreb's Toxic Radiance
  5695 | D:5      | Learned a level 3 spell: Ignite Poison
  6134 | D:5      | Found a burning altar of Makhleb.
  6412 | D:5      | Upgraded the game from 0.29-a0-416-g83a48905f1 to
                  | 0.29-a0-418-gc0181ea820
  6464 | D:6      | Noticed Pikel
  6573 | D:6      | Found a glowing drain.
  6595 | Sewer    | Entered a sewer
  6601 | Sewer    | Reached ** piety under Cheibriados
  6860 | Sewer    | Reached XP level 8. HP: 57/62 MP: 16/16
  7210 | Sewer    | Reached *** piety under Cheibriados
  7709 | D:6      | Reached skill level 1 in Fighting
  7852 | D:6      | Found a staircase to the Ecumenical Temple.
  7913 | D:6      | Found a runed translucent door.
  7915 | D:6      | Noticed trckry's ghost (amateur DsWn)
  7986 | D:6      | Killed trckry's ghost
  7987 | D:6      | Reached XP level 9. HP: 41/74 MP: 18/18
  8215 | D:6      | Noticed Menkaure
  8222 | D:6      | Killed Menkaure
  8421 | D:6      | Reached **** piety under Cheibriados
  8656 | D:6      | Reached skill level 10 in Poison Magic
  8939 | D:6      | Killed Pikel
  8940 | D:6      | Reached skill level 5 in Fighting
  9045 | D:7      | Reached skill level 10 in Stealth
  9106 | D:7      | Reached skill level 1 in Invocations
  9126 | D:7      | Found a shimmering altar of Xom.
  9449 | D:7      | Reached XP level 10. HP: 88/91 MP: 19/19
 10345 | D:8      | Found a glowing golden altar of the Shining One.
 10515 | D:8      | Noticed Maggie
 10519 | D:8      | Killed Maggie
 10610 | D:8      | Reached skill level 5 in Invocations
 11041 | D:8      | Noticed a two-headed ogre
 11047 | D:8      | Killed a two-headed ogre
 11047 | D:8      | Reached ***** piety under Cheibriados
 11223 | D:8      | Found Foriupso's Weapon Shop.
 11245 | D:8      | Bought a +5 quick blade for 504 gold pieces
 11810 | D:9      | Found Riwe's Assorted Antiques.
 11838 | D:9      | Found a white marble altar of Elyvilon.
 12054 | D:9      | Reached XP level 11. HP: 104/104 MP: 13/20
 12191 | D:9      | You fall into a shaft and drop 3 floors!
 12245 | D:11     | Noticed a six-headed hydra
 12254 | D:11     | Slain by a six-headed hydra

Illustrated notes

Levels and vault maps discovered:
D:1:      dpeg_arrival_castle, layout_loops_ring, basic_ecumenical_altar,
          minmay_stone_trees_small, minmay_misc_feat_alley
D:2:      layout_basic, serial_rivers, chequers_serial_rivers_small_3,
          chequers_serial_rivers_micro_e, chequers_serial_rivers_marsh,
          chequers_serial_rivers_micro_b, fountainhead
D:3:      layout_loops_ring, old_standard_altar, lemuel_doored_altar
D:4:      kennysheep_big_flooded_room, layout_cave_pools,
          mainiacjoe_overflow_alcove_4, gammafunk_temple_overflow_arena,
          slow_altar_2
D:5:      layout_basic, lightli_temple_of_fire, corner_web_ring
D:6:      layout_loops_ring, temple_doors_e, cheibrodos_sewer_entry_bend,
          ebering_ghost_reflecting_pool, uniq_menkaure, uniq_pikel
D:7:      layout_basic, xom_butterflies
D:8:      layout_layer_cave, nicolae_tso_besieged_by_evil, serial_shops,
          nicolae_shop_waterfront, fountainhead, minmay_misc_feat_pillars,
          uniq_maggie
D:9:      layout_small_grid, okawaru_humans, old_standard_altar,
          nicolae_qazlal_general_emergency, hiddenorc2_lemuel, serial_shops,
          shop
D:11:     layout_stronghold, hangedman_feature_mirror, grunt_ministairs_12,
          uniq_sonja
D:12:     layout_loops_ring, gammafunk_ghost_stat_death, kiku_gazebo_pond_becter

Skill      XL: |  1  2  3  4  5  6  7  8  9 10 11 |
---------------+----------------------------------+-----
Stealth        | 4 5 6 10 | 10.0
Poison Magic   | 5 6 7 9 10 | 10.0
Spellcasting   | 3 4 5 6 |  6.0
Fire Magic     | 1 3 4 |  4.0
Fighting       | 2 6 8 9 |  9.7
Invocations    | 2 7 8 |  8.0
Dodging        | |  1.5
Transmutations | |  1.0

Action                   |  1- 3 |  4- 6 |  7- 9 | 10-12 || total
-------------------------+-------+-------+-------+-------++-------
Melee: Mace              |    13 |       |       |       ||    13
       Punch             |     1 |       |     3 |     1 ||     5
       Short sword       |    15 |    44 |   107 |       ||   166
       Dagger            |     1 |       |       |       ||     1
       Quick blade       |       |       |       |    35 ||    35
       Staff             |       |       |       |    28 ||    28
       Falchion          |       |       |       |    10 ||    10
Throw: Javelin           |       |       |     9 |       ||     9
 Cast: Sting             |    27 |    57 |    66 |    16 ||   166
       Ignite Poison     |       |       |    35 |    28 ||    63
       Olgreb's Toxic Ra |       |       |    10 |     9 ||    19
       Poisonous Vapours |       |       |    10 |    18 ||    28
Invok: Step From Time    |       |       |       |     1 ||     1
 Abil: Spit Poison       |    25 |    56 |    44 |     4 ||   129
  Use: Scroll            |       |     8 |     7 |     5 ||    20
       Potion            |       |     1 |       |       ||     1
 Stab: Sleeping          |     3 |     2 |     1 |     1 ||     7
Armor: Robe              |     8 |     7 |    59 |    27 ||   101
       Steam dragon scal |       |       |       |     3 ||     3
       Troll leather arm |       |       |       |     8 ||     8
Dodge: Dodged            |    28 |    66 |   181 |   103 ||   378

Table legend: (Time is in decaauts)
 A = Elapsed time spent in this place.
 B = Non-inter-level travel time spent in this place.
 C = Inter-level travel time spent in this place.
 D = Time resting spent in this place.
 E = Time spent auto-exploring this place.
 F = Levels seen in this place.
 G = Mean time per level.
                   A        B        C        D        E       F      G
               +--------+--------+--------+--------+--------+-----+--------+
         Total |  19460 |  18765 |    695 |   3774 |   3255 |  12 | 1621.7 |
       Dungeon |  17726 |  17031 |    695 |   3584 |   2476 |  11 | 1611.5 |
         Sewer |   1734 |   1734 |      0 |    190 |    779 |   1 | 1734.0 |
               +--------+--------+--------+--------+--------+-----+--------+

Top non-repeatable levels by time:
     D:8: 3301 daAuts
     D:6: 2957 daAuts
     D:4: 2330 daAuts
     D:7: 1944 daAuts
     D:1: 1744 daAuts
   Sewer: 1734 daAuts
     D:2: 1655 daAuts
     D:5: 1510 daAuts
     D:3: 1434 daAuts
     D:9: 736 daAuts
    D:11: 96 daAuts
    D:12: 15 daAuts
